 Dungeon Crawl Stone Soup version 0.17-a0-1632-g0af21bd (webtiles) character file.

4612 urechis the Grappler (level 10, -3/104 HPs)
             Began as a Troll Monk on Aug 3, 2015.
             Slain by a white ugly thing (13 damage)
             ... on level 9 of the Dungeon.
             The game lasted 00:11:48 (6655 turns).

urechis the Grappler (Troll Monk)                   Turns: 6655, Time: 00:11:48

Health: -3/104     AC:  5    Str: 21    XL:     10   Next: 19%
Magic:  9/9        EV: 10    Int:  6    God:
Gold:   417        SH:  0    Dex: 15    Spells: 0 memorised, 9 levels left

rFire  . . .     SeeInvis .       - Unarmed
rCold  . . .     Clarity  .     a - +0 robe
rNeg   . . .     SustAt   .     (no shield)
rPois  .         Gourm    +     (helmet restricted)
rElec  .         Spirit   .     (no cloak)
rCorr  .         Warding  .     (gloves unavailable)
rMut   .         Stasis   .     (boots unavailable)
MR     .....                    (no amulet)
Stlth  ++........               (no ring)
                                (no ring)

@: not resistant to hostile enchantments, unstealthy
A: unfitting armour, claws 3, fast metabolism 3, gourmand, regeneration 2,
shaggy fur 1, tough skin 2
a: no special abilities


You were on level 9 of the Dungeon.
You were very full.

You visited 2 branches of the dungeon, and saw 10 of its levels.

You collected 439 gold pieces.
You spent 22 gold pieces at shops.

Inventory:

Missiles
 c - a throwing net (quivered)
 s - 4 large rocks
Armour
 a - a +0 robe (worn)
Magical devices
 C - a wand of fireball (7)
 N - a wand of invisibility (3)
Scrolls
 e - a scroll of magic mapping
 i - a scroll of summoning
 j - 6 scrolls of remove curse
 k - 3 scrolls of recharging
 o - 3 scrolls of teleportation
 p - a scroll of noise {unknown}
 t - a scroll of enchant armour {unknown}
 v - 2 scrolls of enchant weapon
 x - a scroll of identify
 y - a scroll of immolation {unknown}
 G - a scroll of acquirement
 H - a scroll of fog {unknown}
 L - a scroll of brand weapon {unknown}
Potions
 g - a potion of flight {unknown}
 h - 3 potions of resistance
 l - 2 potions of mutation
 m - 7 potions of curing
 n - a potion of haste {unknown}
 r - a potion of agility
 u - a potion of cancellation {unknown}
 w - a potion of might {unknown}
 z - a potion of cure mutation {unknown}
 D - a potion of degeneration {unknown}
 F - 2 potions of heal wounds {unknown}
 K - a potion of poison {unknown}
Comestibles
 b - 6 bread rations
 d - 6 meat rations
 f - 11 chunks of flesh
 q - 2 royal jellies
 A - 2 beef jerkies
 B - a slice of pizza
 I - 15 fruits


   Skills:
 + Level 7.7 Fighting
 - Level 2.4 Dodging
 - Level 1.1 Stealth
 * Level 12.5 Unarmed Combat


You had 9 spell levels left.
You didn't know any spells.

Dungeon Overview and Level Annotations

Branches:
Dungeon (9/15)             Temple (1/1) D:7            Lair (0/8) D:9
    Orc: D:9-12

Altars:
Ashenzari
Cheibriados
Dithmenos
Elyvilon
Fedhas
Gozag
Kikubaaqudgha
Makhleb
Nemelex Xobeh
Okawaru
Qazlal
Ru
Sif Muna
Trog
Vehumet
Xom
Yredelemnul
Zin
The Shining One

Shops:
D:5 *   D:6 %


Innate Abilities, Weirdness & Mutations

You are too large for most types of armour.
You have claws for hands.
Your metabolism is lightning-fast.
You like to eat raw meat.
You heal very quickly.
You are covered in fur (AC +1).
You have very tough skin (AC +2).


Message History

The white ugly thing is lightly wounded.
You closely miss the white ugly thing.
The white ugly thing is lightly wounded.
The white ugly thing headbutts you! The white ugly thing freezes you!!
You claw the white ugly thing!
The white ugly thing is moderately wounded.
The white ugly thing headbutts you! The white ugly thing freezes you!!
* * * LOW HITPOINT WARNING * * *
The white ugly thing barely misses you.
There is a stone staircase leading up here.
The white ugly thing headbutts you but does no damage.
The white ugly thing headbutts you but does no damage.
The white ugly thing headbutts you! The white ugly thing freezes you!!
* * * LOW HITPOINT WARNING * * *
The white ugly thing closely misses you.
You see here a stone.
The white ugly thing headbutts you!
* * * LOW HITPOINT WARNING * * *
The white ugly thing freezes you!
You die...

#..# #.....#.......#
###..#####.....#.P.....##########
.................P...............
..............(........(..)......
########### #.....>.....#)......
##...).....##.......
#.........##.......
##..P.P..###....... #@.P....#
#....... #################u....##
#.......
...............###...#####.......
...............(..(..............
###################.......
..##### ..# ### ###..# ..# ....
.....#####..###


You could see a white ugly thing.

Vanquished Creatures
  An elephant (D:9)
  A troll (D:9)
  Grinder (D:6)
  Sigmund (D:3)
  2 hippogriffs
  Menkaure (D:6)
  A water moccasin (D:7)
  A sky beast (D:5)
  2 phantoms
  3 ogres
  2 centaurs
  2 crocodiles
  Blork the orc (D:5)
  6 giant frogs
  3 big kobolds
  3 scorpions
  5 killer bees (D:9)
  A centaur zombie (D:5)
  3 crimson imps
  A giant frog zombie (D:5)
  A jelly (D:8)
  4 hounds
  10 orc priests
  2 iguanas
  A sheep (D:9)
  A giant frog skeleton (D:4)
  8 orc wizards
  4 worker ants
  A hound skeleton (D:9)
  3 worker ant zombies
  8 adders
  A gnoll (D:1)
  2 shadow imps
  An ooze (D:1)
  An adder zombie (D:7)
  2 adder skeletons
  3 worms
  5 giant geckos
  28 orcs
  4 ball pythons
  11 bats
  5 giant cockroaches
  11 hobgoblins
  12 jackals
  5 quokkas
  A giant gecko skeleton (D:5)
  2 giant newts
  12 goblins
  16 kobolds
  11 rats
217 creatures vanquished.

Notes
Turn   | Place    | Note
--------------------------------------------------------------
     0 | D:1      | urechis the Troll Monk began the quest for the Orb.
     0 | D:1      | Reached XP level 1. HP: 22/22 MP: 0/0
   100 | D:1      | Reached XP level 2. HP: 26/29 MP: 1/1
   420 | D:1      | Reached XP level 3. HP: 11/36 MP: 2/2
   691 | D:1      | Reached skill level 5 in Unarmed Combat
   933 | D:2      | Reached XP level 4. HP: 21/45 MP: 3/3
  1182 | D:2      | Found a bloodstained altar of Trog.
  1182 | D:2      | Found a deep blue altar of Sif Muna.
  1421 | D:3      | Reached XP level 5. HP: 4/53 MP: 4/4
  1560 | D:3      | Found a white marble altar of Elyvilon.
  1663 | D:3      | Noticed Sigmund
  1671 | D:3      | Killed Sigmund
  1671 | D:3      | Reached skill level 6 in Unarmed Combat
  1671 | D:3      | Reached XP level 6. HP: 41/62 MP: 5/5
  1903 | D:3      | Reached skill level 7 in Unarmed Combat
  2148 | D:3      | Found a faded altar to an unknown god.
  2328 | D:4      | Reached XP level 7. HP: 49/71 MP: 6/6
  2446 | D:4      | Found an iron altar of Okawaru.
  2446 | D:4      | Found a snail-covered altar of Cheibriados.
  2969 | D:5      | Entered Level 5 of the Dungeon
  2995 | D:5      | Reached skill level 8 in Unarmed Combat
  3037 | D:5      | HP: 2/71 [something/puff of flame (3)]
  3038 | D:5      | Reached skill level 5 in Fighting
  3230 | D:5      | Reached XP level 8. HP: 76/80 MP: 7/7
  3272 | D:5      | Noticed Blork the orc
  3286 | D:5      | Killed Blork the orc
  3395 | D:5      | Reached skill level 9 in Unarmed Combat
  3452 | D:5      | Found Dycsug's Assorted Antiques.
  3456 | D:5      | Bought a scroll labeled OCVANU COHOWN for 22 gold pieces
  3541 | D:6      | Noticed Menkaure
  3702 | D:6      | Noticed Grinder
  3711 | D:6      | Killed Grinder
  3728 | D:6      | Found a sacrificial altar of Ru.
  3734 | D:6      | Killed Menkaure
  3780 | D:6      | Found Iduxzoxku's Food Emporium.
  3934 | D:6      | Reached skill level 10 in Unarmed Combat
  4162 | D:6      | Found a sparkling altar of Nemelex Xobeh.
  4311 | D:7      | Reached XP level 9. HP: 73/89 MP: 8/8
  4726 | D:7      | Found a staircase to the Ecumenical Temple.
  4761 | Temple   | Entered the Ecumenical Temple
  4943 | D:7      | Found a shattered altar of Ashenzari.
  5183 | D:7      | Reached skill level 11 in Unarmed Combat
  5688 | D:8      | Found a blossoming altar of Fedhas.
  5893 | D:8      | Found an ancient bone altar of Kikubaaqudgha.
  6199 | D:9      | Reached skill level 12 in Unarmed Combat
  6399 | D:9      | Found a staircase to the Lair.
  6399 | D:9      | Noticed an elephant
  6418 | D:9      | Killed an elephant
  6418 | D:9      | Reached XP level 10. HP: 47/102 MP: 9/9
  6594 | D:9      | Noticed a white ugly thing
  6637 | D:9      | HP: 5/104 [white ugly thing (31)]
  6655 | D:9      | Slain by a white ugly thing

Vault maps used:
D:1:      minmay_arrival_hallway, serial_bayou, serial_bayou_pond_c,
          serial_bayou_crossing, serial_bayou_pond_b, serial_bayou_pond_e
D:2:      minitemple, first_bread, minmay_ruptured
D:3:      ecumenical_altar_1, elyvilon_altar_4, uniq_sigmund
D:4:      gammafunk_temple_overflow_statue
D:5:      serial_shops, shop, uniq_blork_the_orc
D:6:      nicolae_overflow_hidden_temple, serial_shops, shop,
          nemelex_diamond_rough_becter, uniq_menkaure, uniq_grinder
D:7:      ashenzari_altar_1, temple_fountains
D:8:      kennysheep_little_box, hangedman_tree_tricks, abandoned_shop
D:9:      david_lair_generic
Temple:   circular_temple_12

Action                   |  1- 3 |  4- 6 |  7- 9 | 10-12 || total
-------------------------+-------+-------+-------+-------++-------
Melee: Unarmed           |   117 |   156 |   346 |    30 ||   649
  Use: Scroll            |       |       |    11 |       ||    11
 Stab: Sleeping          |     2 |     2 |     2 |       ||     6
       Distracted        |       |     1 |       |       ||     1
  Eat: Chunk             |    10 |    10 |    42 |     3 ||    65
